 Dungeon Crawl Stone Soup version 0.31-a0-263-ge8cad7f256 (webtiles) character file.

Game seed: 6391425766852752521

3984 rocky1 the Basher (level 10, -8/129 HPs)
             Began as a Minotaur Fighter on July 14, 2023.
             Was a High Priest of Okawaru.
             Mangled by a vampire (9 damage)
             ... on level 9 of the Dungeon.
             The game lasted 00:17:29 (6866 turns).

rocky1 the Basher (Minotaur Fighter)                Turns: 6866, Time: 00:17:31

Health: -8/129     AC: 32    Str: 33    XL:     10   Next: 3%
Magic:  12/12      EV:  2    Int:  9    God:    Okawaru [*****.]
Gold:   87         SH:  0    Dex: 10    Spells: 9/9 levels left

rFire   . . .        p - +3 flail (protect)
rCold   . . .        c - +0 buckler
rNeg    . . .        q - melded +0 chain mail {rPois}
rPois   +            (helmet currently unavailable)
rElec   .            (cloak currently unavailable)
rCorr   .            g - melded +1 pair of gloves
SInv    .            (boots currently unavailable)
Will    .....        l - amulet of the acrobat
Stlth   +            H - +6 ring of strength
HPRegen 0.41/turn    b - +6 ring of strength
MPRegen 0.13/turn

%: acrobat
@: confused, tree-form, heroic, under a protective aura, on berserk cooldown,
slowed, very slow
A: stationary, stasis, torment immunity, boosted hp, (horns 2), (retaliatory
headbutt)
a: Renounce Religion, Heroism, Finesse, Duel


You were on level 9 of the Dungeon.
You worshipped Okawaru.
Okawaru was extremely pleased with you.
You were a tree.
You visited 1 branch of the dungeon, and saw 9 of its levels.

You collected 579 gold pieces.
You spent 492 gold pieces at shops.

Inventory:

Hand Weapons
 f - a +2 whip of venom
 p - a +3 flail of protection (weapon)
Missiles
 m - a throwing net
 y - 17 poisoned darts
Armour
 c - a +0 buckler (worn)
 g - a +1 pair of gloves (melded)
 q - a +0 chain mail of poison resistance (melded)
Jewellery
 b - a +6 ring of strength (right branch)
 d - an amulet of regeneration
 l - an amulet of the acrobat (around neck)
 w - a +5 ring of evasion
 D - an amulet of guardian spirit
 H - a +6 ring of strength (left branch)
Wands
 F - a wand of iceblast (2)
Scrolls
 a - 5 scrolls of immolation
 i - a scroll of amnesia
 j - a scroll of revelation
 k - 2 scrolls of enchant armour
 o - 2 scrolls of teleportation
 v - 3 scrolls of silence {unknown}
 A - a scroll of vulnerability {unknown}
 C - a scroll of poison
 E - a scroll of acquirement {unknown}
 G - a scroll of enchant weapon
 I - 2 scrolls of fear {unknown}
Potions
 e - a potion of degeneration
 h - 5 potions of curing
 r - 4 potions of brilliance
 s - a potion of might
 t - 2 potions of heal wounds
 u - a potion of enlightenment
 z - a potion of magic


   Skills:
 + Level 7.5(12.5) Fighting
 + Level 10.7(15.7) Maces & Flails
 + Level 8.7(13.7) Armour
 + Level 2.7(7.7) Dodging
 - Level 1.1(6.1) Stealth
 + Level 7.3(12.3) Shields
 * Level 4.2 Invocations
 + Level 0.8 Evocations


You had 9 spell levels left.
You didn't know any spells.
Your spell library contained the following spells:

 Spells                   Type           Power      Damage    Failure   Level
 Apportation              Tloc           0%         N/A       41%         1
 Freeze                   Ice            0%         1d3       41%         1
 Magic Dart               Conj           0%         1d3       41%         1
 Searing Ray              Conj           0%         2d4       54%         2
 Frozen Ramparts          Ice            0%         1d1       78%         3
 Hailstorm                Conj/Ice       0%         3d3       78%         3
 Ignite Poison            Fire/Tmut/Pois 0%         N/A       78%         3
 Ozocubu's Armour         Ice            0%         N/A       78%         3
 Fulminant Prism          Conj/Hex       0%         3d5       99%         4
 Sticky Flame             Conj/Fire      0%         2d3       99%         4
 Alistair's Intoxication  Tmut/Pois      0%         N/A       100%        5
 Orb of Destruction       Conj           0%         9d5       100%        7
 Ozocubu's Refrigeration  Ice            0%         4d7       100%        7
 Ignition                 Fire           0%         3d3       100%        8
 Summon Guardian Golem    Hex/Summ       Unusable   N/A       N/A         3
 Spellforged Servitor     Conj/Summ      Unusable   N/A       N/A         7

Dungeon Overview and Level Annotations

Branches:
Dungeon (9/15)             Temple (0/1) D:5
   Lair: D:8-11         Orc: D:9-12

Altars:
Dithmenos
Kikubaaqudgha
Okawaru
Trog
The Shining One

Shops:
D:6 *=

Portals:
Abyss: D:7

Annotations:
D:7 2 transporters, lunkers's ghost, novice MeSh


Innate Abilities, Weirdness & Mutations

You are a tree.
Your roots penetrate the ground, keeping you stationary.
You cannot be teleported.
You are immune to unholy pain and torment.
Your maximum health is greatly increased.
Your equipment is partially melded.
((You have a pair of horns on your head.))
((You reflexively headbutt those who attack you in melee.))


Message History

A red film seems to cover your vision as you go berserk!
You feel yourself moving faster!
You feel mighty!
You hear some strange, mumbled words.
You are confused.
Unknown command.
You are too berserk!
You cannot move. (Use ctrl+direction or * direction to attack while stationary and confused.)
You cannot move. (Use ctrl+direction or * direction to attack while stationary and confused.)
You attack the rock wall.
You feel a strong urge to attack something.
You cannot move. (Use ctrl+direction or * direction to attack while stationary and confused.)
You cannot move. (Use ctrl+direction or * direction to attack while stationary and confused.)
You cannot move. (Use ctrl+direction or * direction to attack while stationary and confused.)
You cannot move. (Use ctrl+direction or * direction to attack while stationary and confused.)
Okay, then.
Confused hit: p) +3 flail (protect)
Press: ? - help, Dir - move target You barely miss something.
Something hits you!
* * * LOW HITPOINT WARNING * * *
Something bites you but does no damage.
You swing at nothing.
You cannot move. (Use ctrl+direction or * direction to attack while stationary and confused.)
You attack the rock wall.
You feel a strong urge to attack something.
Something hits you but does no damage. Something bites you but does no damage.
You nearly hit yourself!
You closely miss something. Something hits you but does no damage.
Something bites you but does no damage.
Confused hit: p) +3 flail (protect)
Press: ? - help, Dir - move target You thump something!
Your weapon exudes an aura of protection.
Unknown command.
Confused hit: p) +3 flail (protect)
Press: ? - help, Dir - move target You sock something!
You are no longer berserk.
You are exhausted.
You feel yourself slow down. Something hits you!
You die...

#########
#.......#
###.#####.# .
#$.{♣..##.####....
#.#.##.........#
#. ####.######
#.#####.#
#.....<.#
..######## . .


There were no monsters in sight!

Vanquished Creatures
  Pikel (D:8)
  An unseen horror (D:6)
  The ghost of SirDiesAlot the Changeling, an amateur OpSh (D:6)
  Sigmund (D:2)
  5 yaks (D:8)
  Edmund (D:4)
  2 water moccasins
  An acid dragon (D:8)
  A sky beast (D:7)
  An ice beast (D:7)
  A black bear (D:6)
  2 ogres
  3 centaurs
  A gnoll sergeant (D:6)
  2 kobold brigands
  A scorpion (D:6)
  A howler monkey (D:7)
  2 gnoll boudas
  2 hounds
  2 orc priests (D:8)
  2 sleepcaps (D:4)
  An iguana (D:7)
  Terence (D:3)
  4 orc wizards
  21 gnolls
  8 adders
  A shadow imp (D:5)
  2 ufetubi
  A worm (D:4)
  5 dart slugs
  18 orcs
  7 ball pythons
  2 bats
  6 endoplasms
  A giant cockroach (D:4)
  7 goblins
  3 hobgoblins
  4 jackals
  4 quokkas
  2 frilled lizards
  12 kobolds
  10 rats
154 creatures vanquished.

Notes
Turn   | Place    | Note
-------+----------+-------------------------------------------
     0 | D:1      | rocky1 the Minotaur Fighter began the quest for the Orb.
     0 | D:1      | Reached XP level 1. HP: 19/19 MP: 0/0
    39 | D:1      | Reached XP level 2. HP: 27/27 MP: 1/1
   208 | D:1      | Reached skill level 3 in Maces & Flails
   227 | D:1      | Reached XP level 3. HP: 32/33 MP: 2/2
   936 | D:2      | Noticed Sigmund
   949 | D:2      | Killed Sigmund
   950 | D:2      | Reached skill level 4 in Maces & Flails
   950 | D:2      | Reached XP level 4. HP: 32/41 MP: 3/3
   950 | D:2      | Reached XP level 5. HP: 36/47 MP: 4/4
   994 | D:2      | Reached skill level 5 in Fighting
   994 | D:2      | Reached skill level 5 in Armour
   994 | D:2      | Reached skill level 5 in Shields
  1354 | D:3      | Noticed Terence
  1360 | D:3      | Killed Terence
  1379 | D:3      | Found a bloodstained altar of Trog.
  1392 | D:3      | Found an ancient bone altar of Kikubaaqudgha.
  1414 | D:3      | Reached XP level 6. HP: 56/56 MP: 5/5
  1544 | D:3      | Found a faded altar of an unknown god.
  1549 | D:3      | Prayed at the altar of an unknown god.
  1549 | D:3      | Became a worshipper of Warmaster Okawaru
  1549 | D:3      | Reached * piety under Okawaru
  1604 | D:3      | Found a shadowy altar of Dithmenos.
  1606 | D:3      | Found a glowing golden altar of the Shining One.
  1980 | D:4      | Noticed Edmund
  2005 | D:4      | Killed Edmund
  2548 | D:4      | Reached skill level 5 in Maces & Flails
  2624 | D:4      | Reached XP level 7. HP: 61/61 MP: 6/6
  2853 | D:5      | Entered Level 5 of the Dungeon
  2933 | D:5      | Found a staircase to the Ecumenical Temple.
  3047 | D:5      | Reached skill level 1 in Dodging
  3085 | D:5      | Reached ** piety under Okawaru
  3097 | D:5      | You fall into a shaft and drop 2 floors!
  3181 | D:7      | Reached skill level 6 in Maces & Flails
  3824 | D:7      | Reached XP level 8. HP: 63/70 MP: 7/7
  3918 | D:7      | Reached skill level 7 in Maces & Flails
  3976 | D:7      | Found a transporter.
  4015 | D:7      | Found a one-way gate to the infinite horrors of the Abyss.
  4016 | D:7      | Found a transporter.
  4038 | D:7      | Noticed an ancient zyme
  4040 | D:7      | Noticed lunkers's ghost (novice MeSh)
  4088 | D:7      | Reached *** piety under Okawaru
  4142 | D:7      | Noticed a sun demon
  4151 | D:7      | Noticed a small abomination
  4193 | D:7      | Reached skill level 8 in Maces & Flails
  4481 | D:6      | Found Tuargh's Jewellery Shoppe.
  4483 | D:6      | Bought a +6 ring of strength for 360 gold pieces
  4753 | D:6      | Found a runed translucent door.
  4753 | D:6      | Noticed SirDiesAlot's ghost (amateur OpSh)
  5342 | D:6      | Reached skill level 1 in Invocations
  5371 | D:6      | Found Tegunwits's Elemental Accessories.
  5379 | D:6      | Bought a wand of iceblast (5) for 132 gold pieces
  6003 | D:6      | Killed SirDiesAlot's ghost
  6004 | D:6      | Reached skill level 9 in Maces & Flails
  6004 | D:6      | Reached XP level 9. HP: 78/78 MP: 9/9
  6023 | D:6      | Killed an unseen horror
  6023 | D:6      | Reached **** piety under Okawaru
  6357 | D:8      | Reached skill level 1 in Stealth
  6366 | D:8      | Reached skill level 10 in Maces & Flails
  6732 | D:8      | Noticed Pikel
  6745 | D:8      | Killed Pikel
  6745 | D:8      | Reached ***** piety under Okawaru
  6746 | D:8      | Reached XP level 10. HP: 78/86 MP: 9/12
  6857 | D:9      | HP: 5/129 [something (11)]
  6860 | D:9      | HP: 1/193 [something (8)]
  6866 | D:9      | Mangled by a vampire

Illustrated notes

Levels and vault maps discovered:
D:1:      dpeg_arrival_round_b, layout_loops_ring
D:2:      layout_basic, uniq_sigmund
D:3:      layout_rooms, nicolae_overflow_crystal_walls,
          nicolae_overflow_hidden_temple, trog_book,
          hellmonk_ecumenical_altar_heavens_door, uniq_terence
D:4:      layout_cave_pools, uniq_edmund
D:5:      layout_loops_cross, temple_green, guppyfry_early_lair_pool
D:6:      layout_loops_cross, serial_shops, nicolae_shop_gaudy_bauble,
          ebering_ghost_inner_flame, nicolae_elemental_shop
D:7:      layout_loops_cross, gammafunk_ghost_abyssal_escape
D:8:      layout_rooms, uniq_pikel
D:9:      layout_loops_cross, serial_rivers, chequers_serial_rivers_micro_a,
          chequers_serial_rivers_large_a, chequers_serial_rivers_small_3,
          chequers_serial_rivers_small_b, hellmonk_bongcloud_opening

Skill      XL: |  1  2  3  4  5  6  7  8  9 |
---------------+----------------------------+-----
Armour         | 4 5 6 7 8 |  8.7
Shields        | 4 5 6 7 |  7.3
Fighting       | 4 5 6 7 |  7.5
Maces & Flails | 3 4 5 6 9 10 | 10.7
Dodging        | 1 2 |  2.7
Invocations    | 1 4 |  4.2
Stealth        | 1 |  1.1
Evocations     | |  0.8

Action                     |  1- 3 |  4- 6 |  7- 9 | 10-12 || total
---------------------------+-------+-------+-------+-------++-------
  Melee: Flail             |    32 |    25 |   225 |    16 ||   298
         Headbutt          |    10 |    16 |    42 |       ||    68
         Whip              |    34 |    69 |       |       ||   103
 Invoke: Heroism           |       |       |     1 |     1 ||     2
  Evoke: Wand              |       |       |     3 |       ||     3
    Use: Potion            |     1 |     1 |       |     3 ||     5
         Scroll            |       |     3 |     9 |       ||    12
 Armour: Scale mail        |    28 |    21 |       |       ||    49
         Chain mail        |       |    14 |    96 |     3 ||   113
         Skin              |       |       |       |    10 ||    10
  Dodge: Dodged            |    27 |    40 |   137 |       ||   204
  Block: Buckler           |     9 |    26 |    52 |     2 ||    89

Table legend: (Time is in decaauts)
 A = Elapsed time spent in this place.
 B = Non-inter-level travel time spent in this place.
 C = Inter-level travel time spent in this place.
 D = Time resting spent in this place.
 E = Time spent auto-exploring this place.
 F = Levels seen in this place.
 G = Mean time per level.
                   A        B        C        D        E       F      G
               +--------+--------+--------+--------+--------+-----+--------+
         Total |   6868 |   6533 |    335 |   1342 |   3931 |   9 |  763.1 |
       Dungeon |   6868 |   6533 |    335 |   1342 |   3931 |   9 |  763.1 |
               +--------+--------+--------+--------+--------+-----+--------+

Top non-repeatable levels by time:
     D:7: 1433 daAuts
     D:6: 1267 daAuts
     D:4: 916 daAuts
     D:1: 811 daAuts
     D:5: 661 daAuts
     D:8: 614 daAuts
     D:3: 580 daAuts
     D:2: 550 daAuts
     D:9: 33 daAuts
